 Seeded DCSS version 0.28-a0-1594-ga885d4b3d6 (webtiles) character file.

Game seed: 11 (custom seed)

714 knot the Cleaver (level 7, -6/52 HPs)
             Began as a Demonspawn Berserker on Jan 20, 2022.
             Was a Believer of Trog.
             Shot with an arrow by a centaur (10 damage)
             ... on level 5 of the Dungeon.
             The game lasted 00:05:46 (5875 turns).

knot the Cleaver (Demonspawn Berserker)             Turns: 5875, Time: 00:05:47

Health: -6/52      AC:  2    Str: 15 (17) XL:     7   Next: 41%
Magic:  7/7        EV: 12    Int:  7 (10) God:    Trog [**....]
Gold:   200        SH:  0    Dex: 12 (13) Spells: 6/6 levels left

rFire   . . .      SeeInvis .   a - +1 hand axe
rCold   + . .      Faith    .   (no shield)
rNeg    . . .      Spirit   .   b - +0 animal skin
rPois   .          Reflect  .   (no helmet)
rElec   .          Harm     .   (no cloak)
rCorr   .          Rampage  .   (no gloves)
Will    +++..                   (no boots)
Stlth   +.........              (no amulet)
HPRegen 1.17/turn               (no ring)
MPRegen 0.10/turn               (no ring)

@: strong-willed, on berserk cooldown, attractive, regenerating
A: powered by death 2, sturdy frame 1, weakness stinger 1, cold resistance 1,
strong-willed 1
a: Renounce Religion, Berserk, Trog's Hand


You were on level 5 of the Dungeon.
You worshipped Trog.
Trog was pleased with you.
You visited 1 branch of the dungeon, and saw 5 of its levels.
You also visited: Sewer.

You collected 200 gold pieces.

Inventory:

Hand Weapons
 a - a +1 hand axe (weapon)
Missiles
 d - 52 stones (quivered)
 i - 8 boomerangs
Armour
 b - a +0 animal skin (worn)
Jewellery
 v - an amulet of magic regeneration
Scrolls
 e - 6 scrolls of identify
 h - a scroll of fog {unknown}
 n - a scroll of summoning {unknown}
 o - 3 scrolls of teleportation {unknown}
 s - a scroll of fear {unknown}
Potions
 c - 3 potions of brilliance
 f - 2 potions of mutation
 j - a potion of lignification
 k - a potion of curing {unknown}
 l - a potion of magic
 m - 3 potions of degeneration
 q - a potion of cancellation
 r - a potion of berserk rage {unknown}
 t - a potion of flight {unknown}
 u - a potion of invisibility {unknown}


   Skills:
 - Level 3.0 Fighting
 + Level 8.0 Axes
 - Level 1.7 Armour
 - Level 1.7 Dodging


You had 6 spell levels left.
You didn't know any spells.
Your spell library contained the following spells:

 Spells                   Type           Power      Damage    Failure   Level
 Blink                    Tloc           0%         N/A       56%         2
 Manifold Assault         Tloc           0%         N/A       100%        5
 Storm Form               Tmut/Air       0%         N/A       100%        7


Dungeon Overview and Level Annotations

Branches:
Dungeon (5/15)              Sewer (visited)
 Temple: D:4-7

Altars:
Ashenzari
Cheibriados
Dithmenos
Elyvilon
Makhleb
Ru
Trog
Vehumet
Yredelemnul


Innate Abilities, Weirdness & Mutations

You regenerate health from kills.
Your movements are slightly less encumbered by armour. (ER -2)
You have a small tail.
Your flesh is cold resistant. (rC+)
You are strong-willed. (Will+)


Message History

Unknown command.
Your skin crawls.
You feel strong-willed.
The centaur shoots an arrow.
The arrow barely misses you.
You aren't carrying any items that you can evoke.
Throw: 2 darts (atropa)
Press: ? - help, Q - select action, (/) - cycle Shift-Dir - straight line, f - centaur
Aim: a centaur, wielding a +0 shortbow and quivering arrows (69% to hit, chance to blind on hit: 51%)
You throw an atropa-tipped dart.
The atropa-tipped dart hits the centaur.
The centaur resists.
The centaur shoots an arrow.
The arrow closely misses you.
The centaur shoots an arrow.
The arrow hits you!
Throw: dart (atropa)
Press: ? - help, Q - select action, (/) - cycle Shift-Dir - straight line, f/p - centaur
Aim: a centaur, wielding a +0 shortbow and quivering arrows (69% to hit, chance to blind on hit: 51%)
You throw an atropa-tipped dart.
The atropa-tipped dart barely misses the centaur.
The centaur shoots an arrow.
The arrow barely misses you.
The centaur shoots an arrow.
The arrow hits you!
* * * LOW HITPOINT WARNING * * *
The centaur shoots an arrow.
The arrow hits you.
* * * LOW HITPOINT WARNING * * *
Unknown command.
You aren't carrying any items that you can evoke.
It was a potion of degeneration.
There was something very wrong with that liquid.
You feel weakened.
You feel dopey.
You feel clumsy.
The centaur shoots an arrow.
The arrow closely misses you.
It was a potion of cancellation.
Your magical effects are unravelling.
You feel magically purged.
You feel yourself speed up.
The centaur shoots an arrow.
The arrow hits you!
* * * LOW HITPOINT WARNING * * *
Okay, then.
It was a potion of attraction.
You feel attractive to monsters.
The centaur shoots an arrow.
The arrow hits you!
You die...

... #......... ##.....# #..#
#.........# #..#...
####..##(..#.....####.....#
.......$.>.............#...#
#...(......c................
#.................<..####..
#....................####.#
................###.......# .
.#......@.......#..##...# ...
##...............##.....
.....##.........####..#......
..?...)..........# #......##.
.....##.#......#####....####.
.... ####....####.......##..
... ##........#.........
#.......####..##...#
##..##.### ##..###.#


You could see a centaur.

Vanquished Creatures
  Eustachio (D:4)
  2 ogres (D:5)
  A phantom (D:4)
  A scorpion (D:4)
  A hound (D:5)
  A bullfrog skeleton (D:4)
  An iguana (D:4)
  4 gnolls (D:4)
  An adder (D:2)
  7 river rats
  A worm (D:2)
  A dart slug (D:3)
  An orc (D:3)
  6 endoplasms
  3 giant cockroaches
  4 goblins
  3 hobgoblins
  4 jackals
  7 kobolds
  2 quokkas
  11 ball pythons
  8 bats
  5 frilled lizards
  16 rats
92 creatures vanquished.

Notes
Turn   | Place    | Note
-------+----------+-------------------------------------------
     0 | D:1      | knot the Demonspawn Berserker began the quest for the Orb.
     0 | D:1      | Reached XP level 1. HP: 18/18 MP: 1/1
    53 | D:1      | Reached skill level 3 in Axes
    57 | D:1      | Gained mutation: You regenerate a little health from kills.
                  | [demonic ancestry]
    57 | D:1      | Reached XP level 2. HP: 9/24 MP: 2/2
   678 | D:1      | Found a faded altar of an unknown god.
   971 | D:2      | Gained mutation: Your movements are slightly less
                  | encumbered by armour. (ER -2) [demonic ancestry]
   971 | D:2      | Reached XP level 3. HP: 29/29 MP: 3/3
  1074 | D:2      | Reached ** piety under Trog
  1092 | D:2      | Reached skill level 4 in Axes
  1935 | D:3      | Found a glowing drain.
  1950 | D:3      | Reached XP level 4. HP: 21/35 MP: 4/4
  1956 | Sewer    | Entered a sewer
  2514 | Sewer    | Reached skill level 5 in Axes
  2910 | Sewer    | Reached XP level 5. HP: 25/41 MP: 5/5
  3903 | D:3      | Found a shadowy altar of Dithmenos.
  3906 | D:3      | Found a bloodstained altar of Trog.
  3907 | D:3      | Found a basalt altar of Yredelemnul.
  3907 | D:3      | Found a radiant altar of Vehumet.
  3907 | D:3      | Found a burning altar of Makhleb.
  3909 | D:3      | Found a broken altar of Ashenzari.
  3910 | D:3      | Found a snail-covered altar of Cheibriados.
  3912 | D:3      | Found a sacrificial altar of Ru.
  4089 | D:4      | Reached skill level 6 in Axes
  4474 | D:4      | Gained mutation: You have a small tail. [demonic ancestry]
  4474 | D:4      | Reached XP level 6. HP: 35/47 MP: 6/6
  4940 | D:4      | Noticed Eustachio
  4974 | D:4      | Gained mutation: You are strong-willed. (Will+) [potion of
                  | mutation]
  4974 | D:4      | Gained mutation: Your flesh is cold resistant. (rC+)
                  | [potion of mutation]
  5004 | D:4      | Killed Eustachio
  5005 | D:4      | Reached skill level 7 in Axes
  5005 | D:4      | Gained mutation: You regenerate health from kills. [demonic
                  | ancestry]
  5005 | D:4      | Reached XP level 7. HP: 36/52 MP: 7/7
  5677 | D:5      | Entered Level 5 of the Dungeon
  5864 | D:5      | Reached skill level 8 in Axes
  5875 | D:5      | Shot with an arrow by a centaur

Illustrated notes

Levels and vault maps discovered:
D:1:      minmay_arrival_nine_rooms, layout_rooms, basic_ecumenical_altar
D:2:      layout_basic
D:3:      layout_loops_ring, minitemple, portal_sewer_entry_b,
          lemuel_old_faithful
D:4:      layout_basic, uniq_eustachio
D:5:      layout_layer_cave, minivault_24

Skill      XL: |  1  2  3  4  5  6  7 |
---------------+----------------------+-----
Axes           | 3 4 5 6 7 8 |  8.0
Fighting       | |  3.0
Armour         | |  1.7
Dodging        | |  1.7

Action                   |  1- 3 |  4- 6 |  7- 9 || total
-------------------------+-------+-------+-------++-------
Melee: Hand axe          |   132 |   154 |    12 ||   298
       Punch             |     2 |     1 |       ||     3
       Tailslap          |       |     3 |     2 ||     5
Throw: Stone             |       |     6 |       ||     6
       Dart              |       |       |     2 ||     2
Invok: Berserk           |     1 |     7 |     2 ||    10
       Trog's Hand       |       |     2 |     1 ||     3
  Use: Scroll            |     2 |     1 |       ||     3
       Potion            |       |     2 |     4 ||     6
 Stab: Sleeping          |     1 |     5 |     1 ||     7
Armor: Animal skin       |    36 |    16 |       ||    52
       Skin              |       |    17 |       ||    17
Dodge: Dodged            |    92 |    86 |     9 ||   187

Table legend: (Time is in decaauts)
 A = Elapsed time spent in this place.
 B = Non-inter-level travel time spent in this place.
 C = Inter-level travel time spent in this place.
 D = Time resting spent in this place.
 E = Time spent auto-exploring this place.
 F = Levels seen in this place.
 G = Mean time per level.
                   A        B        C        D        E       F      G
               +--------+--------+--------+--------+--------+-----+--------+
         Total |   6034 |   5910 |    124 |   1891 |   3284 |   6 | 1005.7 |
       Dungeon |   4550 |   4426 |    124 |   1034 |   2885 |   5 |  910.0 |
         Sewer |   1484 |   1484 |      0 |    857 |    398 |   1 | 1484.0 |
               +--------+--------+--------+--------+--------+-----+--------+

Top non-repeatable levels by time:
     D:4: 1754 daAuts
   Sewer: 1484 daAuts
     D:1: 978 daAuts
     D:2: 951 daAuts
     D:3: 656 daAuts
     D:5: 208 daAuts
